 Dungeon Crawl Stone Soup version 0.31-a0-319-g4fced400ed (webtiles) character file.

Game seed: 2100815070164434088

1853 Newt the Skirmisher (level 9, -2/54 HPs)
             Began as a Kobold Hunter on July 17, 2023.
             Was a Believer of Hepliaklqana.
             Killed from afar by an orc wizard (9 damage)
             ... with a puff of flame
             ... on level 7 of the Dungeon.
             The game lasted 00:05:57 (6781 turns).

Newt the Skirmisher (Kobold Hunter)                 Turns: 6781, Time: 00:05:58

Health: -2/54      AC:  9    Str:  8    XL:     9   Next: 34%
Magic:  18/18      EV: 18    Int: 11    God:    Hepliaklqana [**....]
Gold:   259        SH:  0    Dex: 22    Spells: 8/8 levels left

rFire   . . .        a - +1 shortbow
rCold   . . .        (shield currently unavailable)
rNeg    . . .        c - +0 leather armour
rPois   .            (no helmet)
rElec   .            e - +2 cloak
rCorr   .            (no gloves)
SInv    .            j - +2 pair of boots
Will    .....        p - amulet of the acrobat
Stlth   +++          n - ring of magical power
HPRegen 0.29/turn    o - ring of flight
MPRegen 0.16/turn

%: acrobat
@: flying
A: reduced essence, small, no large weapons, nightstalker 3
a: Renounce Religion, Recall Ancestor, Ancestor Identity


You were on level 7 of the Dungeon.
You worshipped Hepliaklqana.
Hepliaklqana was pleased with you.
You visited 1 branch of the dungeon, and saw 7 of its levels.

You collected 259 gold pieces.

Inventory:

Hand Weapons
 a - a +1 shortbow (weapon)
Missiles
 s - a throwing net
Armour
 c - a +0 leather armour (worn)
 e - a +2 cloak (worn)
 j - a +2 pair of boots (worn)
Jewellery
 n - a ring of magical power (left hand)
 o - a ring of flight (right hand)
 p - an amulet of the acrobat (around neck)
Wands
 m - a wand of flame (17)
 t - a wand of roots (6)
Scrolls
 b - a scroll of butterflies
 f - 3 scrolls of enchant armour
 l - 2 scrolls of teleportation
 q - a scroll of identify
 w - a scroll of poison
 x - a scroll of vulnerability
 y - 2 scrolls of amnesia
 z - a scroll of enchant weapon
 A - a scroll of blinking {unknown}
Potions
 d - 2 potions of heal wounds
 g - 2 potions of magic
 h - a potion of attraction
 i - 2 potions of curing
 k - a potion of mutation
 r - 2 potions of might
 u - a potion of haste
 v - a potion of degeneration


   Skills:
 - Level 9.0 Fighting
 - Level 10.0 Ranged Weapons
 + Level 2.0 Armour
 - Level 6.0 Dodging
 - Level 1.3 Stealth


You had 8 spell levels left.
You didn't know any spells.
Your spell library contained the following spells:

 Spells                   Type           Power      Damage    Failure   Level
 Kiss of Death            Conj/Necr      0%         2d5       45%         1
 Poisonous Vapours        Pois/Air       0%         N/A       58%         2
 Confusing Touch          Hex            0%         N/A       83%         3
 Dazzling Flash           Conj/Hex       0%         N/A       83%         3
 Ignite Poison            Fire/Tmut/Pois 0%         N/A       83%         3
 Mephitic Cloud           Conj/Pois/Air  0%         N/A       83%         3
 Dispel Undead            Necr           0%         3d6       99%         4
 Sticky Flame             Conj/Fire      0%         2d3       99%         4
 Agony                    Necr           0%         N/A       100%        5
 Freezing Cloud           Conj/Ice/Air   0%         6-21      100%        5
 Silence                  Hex/Air        0%         N/A       100%        5
 Ignition                 Fire           0%         3d3       100%        8


Dungeon Overview and Level Annotations

Branches:
Dungeon (7/15)             Temple (0/1) D:7

Altars:
Hepliaklqana
Trog
Vehumet

Shops:
D:6 =


Innate Abilities, Weirdness & Mutations

Your life essence is reduced to manifest your ancestor. (-10% HP)
You are small and have problems with some larger weapons.
You are completely attuned to the shadows.


Message History

Takurtum hits something with a +0 flail!
The orc wizard gestures at you while chanting.
You easily resist.
Something closely misses you.
You hear some strange, mumbled words.
Takurtum appears confused.
The orc warrior hits you but does no damage.
You shoot an arrow. The arrow hits the orc warrior!
The orc warrior is almost dead.
You hear some strange, mumbled words.
A magic dart appears from out of thin air!
The magic dart hits you but does no damage.
The orc wizard hits you but does no damage.
Something barely misses Takurtum.
The orc warrior hits you with a +0 flail!
Unknown command.
You are too injured to fight recklessly!
Unknown command.
You shoot an arrow. The arrow hits the orc warrior.
The orc warrior is almost dead.
The orc wizard mumbles some strange words.
The orc wizard flickers and vanishes!
Something hits you but does no damage.
Unknown command.
You shoot an arrow.
The arrow completely misses the orc warrior.
Something hits you.
The orc warrior hits you with a +0 flail!
* * * LOW HITPOINT WARNING * * *
Takurtum hits something with a +0 flail!
Something barely misses you. Something hits you but does no damage.
You shoot an arrow.
The arrow hits the orc warrior but does no damage.
The orc warrior is almost dead.
You hear some strange, mumbled words.
A magic dart appears from out of thin air!
The magic dart hits you!
* * * LOW HITPOINT WARNING * * *
You hear some strange, mumbled words.
A puff of flame appears from out of thin air!
The puff of flame hits you!
You die...

.........
.........
...R..8.8
...o{{.⌠.
....@{8.>
.......⌠.
......8.8
.........
.........


You could see the friendly Takurtum the knight (confused) and an orc warrior.

Vanquished Creatures
  Grinder (D:6)
  Menkaure (D:7)
  An acid dragon (D:7)
  A water moccasin (D:6)
  An ice beast (D:6)
  An orc warrior (D:6)
  A gnoll sergeant (D:5)
  2 scorpions
  3 killer bees (D:7)
  2 hounds (D:4)
  A jelly (D:6)
  3 orc priests
  Crazy Yiuf (D:2)
  2 iguanas (D:6)
  Ijyb (D:5)
  Natasha (D:2)
  5 orc wizards
  5 gnolls
  6 adders
  A shadow imp (D:6)
  An ufetubus (D:6)
  A worm (D:6)
  2 dart slugs
  15 orcs
  5 endoplasms
  2 giant cockroaches
  3 goblins
  6 hobgoblins
  2 jackals (D:5)
  A kobold (D:2)
  12 ball pythons
  3 bats
  3 frilled lizards
  6 rats
102 creatures vanquished.

Vanquished Creatures (collateral kills)
  A scorpion (D:6)
  2 hounds
  An orc priest (D:7)
  An iguana (D:6)
  An adder (D:6)
  A shadow imp (D:6)
  2 worms (D:6)
  An orc (D:7)
10 creatures vanquished.

Vanquished Creatures (others)
  An ancestor (D:5)
1 creature vanquished.

Grand Total: 113 creatures vanquished

Notes
Turn   | Place    | Note
-------+----------+-------------------------------------------
     0 | D:1      | Newt the Kobold Hunter began the quest for the Orb.
     0 | D:1      | Reached XP level 1. HP: 12/12 MP: 1/1
   261 | D:1      | Reached XP level 2. HP: 18/18 MP: 2/2
   727 | D:1      | Found a faded altar of an unknown god.
  1023 | D:2      | Reached XP level 3. HP: 24/24 MP: 3/3
  1069 | D:2      | Found a runed translucent door.
  1072 | D:2      | Noticed Crazy Yiuf
  1086 | D:2      | Killed Crazy Yiuf
  1087 | D:2      | Reached XP level 4. HP: 14/30 MP: 4/4
  2071 | D:2      | Noticed Natasha
  2074 | D:2      | Killed Natasha
  2075 | D:2      | Reached skill level 5 in Fighting
  2384 | D:3      | Reached XP level 5. HP: 35/35 MP: 5/5
  2537 | D:3      | Reached skill level 6 in Ranged Weapons
  2977 | D:3      | Found a hazy altar of Hepliaklqana.
  2982 | D:3      | Became a worshipper of Hepliaklqana the Forgotten
  3540 | D:3      | Reached skill level 7 in Ranged Weapons
  3540 | D:3      | Reached XP level 6. HP: 11/40 MP: 6/6
  4027 | D:4      | Reached skill level 8 in Ranged Weapons
  4182 | D:4      | Reached XP level 7. HP: 44/44 MP: 7/7
  4459 | D:4      | Identified the +5 trident of Toduq {freeze, MP+9 Str+3}
  4496 | D:5      | Entered Level 5 of the Dungeon
  4543 | D:5      | Reached * piety under Hepliaklqana
  4612 | D:5      | Reached skill level 9 in Ranged Weapons
  4934 | D:5      | Noticed Ijyb
  4935 | D:5      | Found a radiant altar of Vehumet.
  4944 | D:5      | Killed Ijyb
  5153 | D:5      | Reached ** piety under Hepliaklqana
  5154 | D:5      | Remembered your ancestor Takurtum as a knight
  5254 | D:6      | Reached skill level 10 in Ranged Weapons
  5356 | D:6      | Reached XP level 8. HP: 39/44 MP: 8/8
  5465 | D:6      | Reached skill level 5 in Dodging
  5704 | D:6      | Noticed Grinder
  5709 | D:6      | Killed Grinder
  5743 | D:6      | Reached XP level 9. HP: 52/52 MP: 9/9
  5870 | D:6      | Found Edeneef's Jewellery Shoppe.
  5955 | D:6      | Noticed a moth of wrath
  5959 | D:6      | Found a bloodstained altar of Trog.
  6527 | D:7      | Noticed Menkaure
  6530 | D:7      | Killed Menkaure
  6531 | D:7      | Reached skill level 1 in Armour
  6768 | D:7      | Found a staircase to the Ecumenical Temple.
  6781 | D:7      | Killed from afar by an orc wizard

Illustrated notes

Levels and vault maps discovered:
D:1:      wander_arrival_fairy_ring, layout_basic, serial_bayou,
          serial_bayou_ford_a, serial_bayou_pond_b, serial_bayou_shore_a,
          serial_bayou_pond_a, serial_bayou_pond_a, serial_bayou_pond_a,
          shapermc_ecumenical_altar_notcrosses
D:2:      layout_basic, solitary_fountain, uniq_natasha, uniq_crazy_yiuf_cottage
D:3:      minmay_evil_eye, layout_basic, nzn_hepliaklqana_mist_gate
D:4:      layout_rooms
D:5:      layout_rooms, mainiacjoe_overflow_concentric_impassable, uniq_ijyb
D:6:      layout_loops_ring, tgw_trog, serial_shops, nicolae_shop_gaudy_bauble,
          nicolae_the_louvre, uniq_grinder
D:7:      layout_basic, general_overflow_altar,
          minmay_temple_entry_statues_fountains, uniq_joseph, uniq_maggie,
          uniq_menkaure

Skill      XL: |  1  2  3  4  5  6  7  8  9 |
---------------+----------------------------+-----
Fighting       | 3 4 5 7 9 |  9.0
Ranged Weapons | 7 8 10 | 10.0
Dodging        | 4 6 |  6.0
Armour         | 2 |  2.0
Stealth        | |  1.3

Action                     |  1- 3 |  4- 6 |  7- 9 || total
---------------------------+-------+-------+-------++-------
   Fire: Shortbow          |    51 |   149 |   209 ||   409
 Invoke: Ancestor Life: Kn |       |       |     1 ||     1
    Use: Scroll            |     3 |     7 |     6 ||    16
         Potion            |     1 |       |       ||     1
 Armour: Leather armour    |     5 |    40 |    28 ||    73
  Dodge: Dodged            |    23 |    63 |    83 ||   169

Table legend: (Time is in decaauts)
 A = Elapsed time spent in this place.
 B = Non-inter-level travel time spent in this place.
 C = Inter-level travel time spent in this place.
 D = Time resting spent in this place.
 E = Time spent auto-exploring this place.
 F = Levels seen in this place.
 G = Mean time per level.
                   A        B        C        D        E       F      G
               +--------+--------+--------+--------+--------+-----+--------+
         Total |   6849 |   6481 |    368 |    702 |   5004 |   7 |  978.4 |
       Dungeon |   6849 |   6481 |    368 |    702 |   5004 |   7 |  978.4 |
               +--------+--------+--------+--------+--------+-----+--------+

Top non-repeatable levels by time:
     D:3: 1512 daAuts
     D:2: 1435 daAuts
     D:6: 1207 daAuts
     D:1: 974 daAuts
     D:5: 740 daAuts
     D:4: 647 daAuts
     D:7: 332 daAuts
